 Dungeon Crawl Stone Soup version 0.21-a0-155-gb8a8bae (webtiles) character file.

331 Azzok the Skirmisher (level 6, -1/56 HPs)
             Began as a Centaur Fighter on Aug 3, 2017.
             Slain by a wraith (5 damage)
             ... in an ossuary.
             The game lasted 00:05:23 (3611 turns).

Azzok the Skirmisher (Centaur Fighter)              Turns: 3611, Time: 00:05:23

Health: -1/56      AC:  8    Str: 18    XL:     6   Next: 26%
Magic:  6/6        EV:  5    Int:  7    God:
Gold:   164        SH:  8    Dex: 11    Spells: 5/5 levels left

rFire    + . .     SeeInvis .     - Unarmed
rCold    . . .     Gourm    .   b - +0 shield
rNeg     . . .     Faith    .   a - +0 scale mail
rPois    .         Spirit   .   (no helmet)
rElec    .         Reflect  .   v - +0 cloak {+Inv}
rCorr    +         Harm     .   p - +0 pair of gloves
MR       .....                  (no barding)
Stlth    ..........             (no amulet)
HPRegen  0.18/turn              k - ring of resist corrosion
MPRegen  0.10/turn              q - ring of protection from fire

@: slowed
A: hooves 3, deformed body, speed 2, tough skin 3
a: Evoke Invisibility


You were in an ossuary.
You were hungry.

You visited 1 branch of the dungeon, and saw 4 of its levels.
You also visited: Ossuary.

You collected 164 gold pieces.

Inventory:

Missiles
 m - 20 arrows
Armour
 a - a +0 scale mail (worn)
 b - a +0 shield (worn)
 p - a +0 pair of gloves (worn)
 v - a +0 cloak of invisibility (worn)
Jewellery
 k - a ring of resist corrosion (left hand)
 q - a ring of protection from fire (right hand)
 z - an uncursed amulet of harm {unknown}
Scrolls
 h - a scroll of amnesia {unknown}
 i - a scroll of noise {unknown}
 j - a scroll of magic mapping {unknown}
 l - 2 scrolls of teleportation {unknown}
 n - 2 scrolls of identify {unknown}
 r - 5 scrolls of remove curse {unknown}
 y - a scroll of fog {unknown}
 A - a scroll of immolation {unknown}
Potions
 c - 2 potions of might
 e - 2 potions of lignification {unknown}
 g - 2 potions of heal wounds {unknown}
 s - a potion of berserk rage {unknown}
 t - a potion of curing {unknown}
 u - 2 potions of flight {unknown}
 B - a potion of mutation {unknown}
Books
 w - a book of Necromancy

   Spells                             Type                      Level
   a - Pain                           Necromancy                   1
   b - Animate Skeleton               Necromancy                   1
   c - Vampiric Draining              Necromancy                   3
   d - Regeneration                   Charms/Necromancy            3
   e - Animate Dead                   Necromancy                   4
   f - Control Undead                 Necromancy                   4
Comestibles
 d - a bread ration
 f - a royal jelly
 x - 2 fruits


   Skills:
 + Level 5.2 Fighting
 - Level 2.1 Armour
 - Level 2.1 Shields
 + Level 5.1 Unarmed Combat


You had 5 spell levels left.
You didn't know any spells.

Dungeon Overview and Level Annotations

Branches:
Dungeon (4/15)
 Temple: D:4-7

Altars:
Dithmenos


Innate Abilities, Weirdness & Mutations

You have hooves in place of feet.
Armour fits poorly on your strangely shaped body.
You cover ground very quickly.
You have extremely tough skin. (AC +3)


Message History

The wraith is heavily damaged.
The wraith hits you.
* * * LOW HITPOINT WARNING * * *
You hit the wraith but do no damage. You kick the wraith, but do no damage.
The wraith is moderately damaged.
You block the wraith's attack. x2
You hit the wraith but do no damage.
The wraith is moderately damaged.
The wraith hits you but does no damage. The wraith hits you.
* * * LOW HITPOINT WARNING * * *
The wraith drains your vigour!
You feel as though you will be slow longer.
Your shield prevents you from hitting the wraith.
You kick the wraith, but do no damage.
The wraith is moderately damaged.
The wraith hits you but does no damage.
You hit the wraith but do no damage.
The wraith is moderately damaged.
The wraith hits you.
You die...

▒▒▒▒▒▒▒▒▒▒▒▒▒▒▒▒▒▒▒▒▒
▒····················
▒·∩··················
▒·······▒▒▒▒▒@▒▒▒▒▒·
▒······▒▒···W·····▒
▒·····▒▒···▒▒'▒▒···▒▒
▒····▒▒···▒▒···▒
···▒▒
▒····▒···▒▒·???· ···▒
▒····╬·· ▒·!?!?? ···╬
▒····▒···▒▒·!?!·
▒···▒
▒····▒▒···▒▒···▒▒···▒
▒·····▒▒···▒▒▒▒▒···▒


You could see a wraith.

Vanquished Creatures
  Sigmund (D:3)
  Crazy Yiuf (D:3)
  A mummy (Ossuary)
  4 adders
  2 oozes (D:1)
  A worm (D:3)
  A leopard gecko (D:1)
  2 orcs (D:3)
  A giant cockroach (D:2)
  10 goblins
  8 hobgoblins
  8 jackals (D:1)
  A quokka (D:3)
  6 bats
  4 frilled lizards
  6 gnoll skeletons (Ossuary)
  12 kobolds
  4 kobold skeletons (Ossuary)
  8 orc skeletons (Ossuary)
  8 rats
  A fungus (D:3)
90 creatures vanquished.

Notes
Turn   | Place    | Note
-------+----------+-------------------------------------------
     0 | D:1      | Azzok the Centaur Fighter began the quest for the Orb.
     0 | D:1      | Reached XP level 1. HP: 19/19 MP: 1/1
    99 | D:1      | Reached XP level 2. HP: 26/26 MP: 2/2
   786 | D:1      | Reached XP level 3. HP: 31/33 MP: 3/3
  1560 | D:2      | Reached XP level 4. HP: 24/40 MP: 4/4
  1821 | D:2      | Found a faded altar of an unknown god.
  1885 | D:2      | Found a shadowy altar of Dithmenos.
  2458 | D:3      | Found a runed door.
  2462 | D:3      | Noticed Crazy Yiuf
  2470 | D:3      | Killed Crazy Yiuf
  2891 | D:3      | Noticed Sigmund
  2928 | D:3      | Killed Sigmund
  2928 | D:3      | Reached skill level 5 in Fighting
  2928 | D:3      | Reached XP level 5. HP: 27/48 MP: 5/5
  2928 | D:3      | Reached XP level 6. HP: 31/56 MP: 6/6
  3243 | D:3      | Reached skill level 5 in Unarmed Combat
  3376 | D:4      | Found a sand-covered staircase.
  3385 | Ossuary  | Entered an ossuary
  3385 | Ossuary  | Noticed a wraith
  3385 | Ossuary  | Noticed a wraith
  3385 | Ossuary  | Noticed a wraith
  3496 | Ossuary  | Noticed a wraith
  3611 | Ossuary  | Slain by a wraith

Vault maps used:
D:1:      erik_arrival_gehennom, serial_curves, eino_curves_04, eino_curves_01
D:2:      grunt_dithmenos_smoke, chequers_ecumenical_altar_island
D:3:      nicolae_overflow_hidden_temple, kennysheep_generic_room_13,
          uniq_crazy_yiuf_cottage, uniq_sigmund
D:4:      lightli_temple_of_fire, temple_green, serial_shops, shop, first_bread,
          lightli_ossuary_entry_decrepit_ruins, uniq_robin
Ossuary:  ossuary_due_mausoleum

Skill      XL: |  1  2  3  4  5  6 |
---------------+-------------------+-----
Unarmed Combat | 3 4 5 |  5.1
Fighting       | 4 5 |  5.2
Armour         | |  2.1
Shields        | |  2.1

Action                   |  1- 3 |  4- 6 || total
-------------------------+-------+-------++-------
Melee: Unarmed           |   142 |   178 ||   320
       Kick              |    25 |    46 ||    71
  Eat: Chunk             |     1 |     5 ||     6
Armor: Scale mail        |    57 |    69 ||   126
Dodge: Dodged            |    29 |    41 ||    70
Block: Shield            |    58 |    48 ||   106
